 Dungeon Crawl Stone Soup version 0.17-a0-580-g22c127a (webtiles) character file.

114 Magnus the Grasshopper (level 4, -1/27 HPs)
             Began as a Deep Elf Warper on Apr 15, 2015.
             Slain by an orc
             ... wielding a +0 short sword
              (3 damage)
             ... on level 3 of the Dungeon.
             The game lasted 00:12:41 (4157 turns).

Magnus the Grasshopper (Deep Elf Warper)            Turns: 4157, Time: 00:12:42

Health: -1/27      AC:  5    Str:  8    XL:     4   Next: 67%
Magic:  1/12       EV: 12    Int: 18    God:
Gold:   164        SH:  0    Dex: 15    Spells: 4 memorised, 2 levels left

rFire  . . .     SeeInvis .     a - +0 falchion
rCold  . . .     Clarity  .     b - +0 leather armour
rNeg   . . .     SustAb   .     (no shield)
rPois  .         Gourm    .     (no helmet)
rElec  .         Spirit   .     (no cloak)
rCorr  .         Warding  .     u - +1 pair of gloves
rMut   .         Stasis   .     (no boots)
MR     .....                    (no amulet)
Stlth  +.........               (no ring)
                                (no ring)

@: not resistant to hostile enchantments, very unstealthy
A: no striking features
a: no special abilities


You were on level 3 of the Dungeon.
You were near starving.

You visited 1 branch of the dungeon, and saw 3 of its levels.

You collected 164 gold pieces.

Inventory:

Hand weapons
 a - a +0 falchion (weapon)
Armour
 b - a +0 leather armour (worn)
 u - a +1 pair of gloves (worn)
Jewellery
 k - an uncursed ring of sustain abilities {unknown}
 p - a cursed ring of loudness {unknown}
Magical devices
 s - a wand of fire (9)
Scrolls
 d - a scroll of blinking
 e - a scroll of immolation {unknown}
 g - a scroll of identify {unknown}
 h - a scroll of noise {unknown}
 i - 3 scrolls of remove curse {unknown}
 n - a scroll of fear {unknown}
 o - 2 scrolls of teleportation {unknown}
 q - a scroll of magic mapping {unknown}
Potions
 j - 2 potions of curing {unknown}
 l - a potion of beneficial mutation {unknown}
Books
 c - a book of Spatial Translocations

   Spells                             Type                      Level
   a - Apportation                    Translocation                1
   b - Blink                          Translocation                2
   c - Shroud of Golubria             Charms/Translocation         2
   d - Portal Projectile              Translocation                3
   e - Teleport Other                 Translocation                3
   f - Passage of Golubria            Translocation                4
Comestibles
 f - 4 bread rations
 m - a beef jerky
 r - 2 meat rations


   Skills:
 + Level 2.3 Fighting
 + Level 2.5 Long Blades
 - Level 1.1 Throwing
 - Level 0.7 Armour
 - Level 2.4 Dodging
 + Level 4.2 Spellcasting
 + Level 4.2 Translocations


You had 2 spell levels left.
You knew the following spells:

 Your Spells              Type           Power        Failure   Level  Hunger
a - Apportation           Tloc           ###.......   4%          1    None
b - Blink                 Tloc           N/A          8%          2    ##.....
c - Teleport Other        Tloc           ###.....     12%         3    ###....
d - Portal Projectile     Tloc           ###...       12%         3    ###....


Dungeon Overview and Level Annotations

Branches:
Dungeon (3/15)

Altars:
Dithmenos
Fedhas
Kikubaaqudgha


Message History

The orc misses you.
Casting: Blink
Confirm with . or Enter, or press ? or * to list all spells.
You blink.
The worker ant waves its antennae.
The worker ant bites you.
* * * LOW HITPOINT WARNING * * *
Casting: Blink
Confirm with . or Enter, or press ? or * to list all spells.
You don't have enough magic to cast that spell.
The worker ant bites you.
* * * LOW HITPOINT WARNING * * *
Casting: Blink
Confirm with . or Enter, or press ? or * to list all spells.
You don't have enough magic to cast that spell.
Casting: Blink
Confirm with . or Enter, or press ? or * to list all spells.
You blink.
The orc hits you with a short sword.
You die...

#.. ................# #.#
#########....##.# ####### #.#
#....##.# #......
#.############...##.#######.#####
.................................
#.###########............##.#####
#.......# #............##.#
..#####.# #............##.# ..#
#.# #...@........##.# ..#
#.#####.###oa......##รท####
..#####........<#........#.....#
..'...#######.###........#.....#
..###.#.................(#.....#
..# #.#o#####.###........##.####
#####...# #.# #l.......##.#
....o#..#####.###........##.#
.....#............#########.#


You could see an iguana, a worker ant and an orc.

Vanquished Creatures
  3 adders
  An ooze (D:2)
  2 worms
  2 giant geckos (D:2)
  12 bats
  A bat zombie (D:2)
  3 giant cockroaches
  10 goblins
  7 hobgoblins
  8 kobolds
  A quokka (D:3)
  3 ball pythons
  A giant newt (D:1)
  10 jackals
  4 rats
  2 rat zombies (D:2)
70 creatures vanquished.

Notes
Turn   | Place    | Note
--------------------------------------------------------------
     0 | D:1      | Magnus, the Deep Elf Warper, began the quest for the Orb.
     0 | D:1      | Reached XP level 1. HP: 12/12 MP: 6/6
   309 | D:1      | Reached XP level 2. HP: 14/16 MP: 8/8
   313 | D:1      | Learned a level 2 spell: Blink
   986 | D:2      | Reached skill level 4 in Translocations
  1066 | D:2      | Found a blossoming altar of Fedhas.
  1208 | D:2      | Reached XP level 3. HP: 21/21 MP: 9/9
  1738 | D:2      | Found a shadowy altar of Dithmenos.
  2115 | D:2      | Found an ancient bone altar of Kikubaaqudgha.
  2318 | D:3      | Learned a level 3 spell: Teleport Other
  2322 | D:3      | Learned a level 3 spell: Portal Projectile
  2417 | D:3      | Reached XP level 4. HP: 19/26 MP: 11/11
  4139 | D:3      | HP: 1/27 [worker ant (1)]
  4157 | D:3      | Slain by an orc

Action                   |  1- 3 |  4- 6 || total
-------------------------+-------+-------++-------
Melee: Falchion          |   164 |   117 ||   281
Throw: Tomahawk          |     5 |       ||     5
 Cast: Blink             |       |    14 ||    14
 Stab: Sleeping          |     1 |       ||     1
  Eat: Chunk             |     5 |     4 ||     9
